 Dungeon Crawl Stone Soup version 0.29.1-1-gd02db6906a (webtiles) character file.

Game seed: 15138459580490223864

4463 holycorn the Fighter (level 10, 0/96 HPs)
             Began as a Minotaur Berserker on Sept 20, 2022.
             Was an Elder of Trog.
             Slain by Joseph
             ... wielding a +2 quarterstaff of distortion
              (22 damage)
             ... on level 8 of the Dungeon.
             The game lasted 00:18:08 (6582 turns).

holycorn the Fighter (Minotaur Berserker)           Turns: 6582, Time: 00:18:09

Health: 0/96       AC: 11    Str: 26    XL:     10   Next: 15%
Magic:  9/9        EV:  9    Int:  4    God:    Trog [****..]
Gold:   471        SH:  0    Dex: 16    Spells: 9/9 levels left

rFire   . . .      SeeInvis .   b - +0 war axe
rCold   . . .      Faith    .   (no shield)
rNeg    . . .      Spirit   .   k - +0 chain mail
rPois   .          Reflect  .   (helmet restricted)
rElec   .          Harm     .   (no cloak)
rCorr   .          Rampage  .   (no gloves)
Will    ++...                   (no boots)
Stlth   ..........              g - amulet of regeneration
HPRegen 2.06/turn               q - +6 ring of dexterity
MPRegen 0.11/turn               (no ring)

@: strong-willed, on berserk cooldown, regenerating, slowed, very slow
A: horns 2, retaliatory headbutt
a: Renounce Religion, Berserk, Trog's Hand, Brothers in Arms


You were on level 8 of the Dungeon.
You worshipped Trog.
Trog was greatly pleased with you.
You visited 1 branch of the dungeon, and saw 8 of its levels.

You collected 471 gold pieces.

Inventory:

Hand Weapons
 a - a +0 hand axe
 b - a +0 war axe (weapon)
Missiles
 x - 5 javelins (quivered)
Armour
 k - a +0 chain mail (worn)
Jewellery
 g - an amulet of regeneration (around neck)
 q - a +6 ring of dexterity (left hand)
Wands
 s - a wand of iceblast (19)
 y - a wand of paralysis (27)
Scrolls
 c - 6 scrolls of identify
 e - a scroll of poison {unknown}
 i - a scroll of brand weapon {unknown}
 j - 2 scrolls of vulnerability {unknown}
 m - a scroll of blinking {unknown}
 n - a scroll of amnesia {unknown}
 o - 2 scrolls of fear {unknown}
 u - 2 scrolls of enchant armour {unknown}
 z - 2 scrolls of teleportation {unknown}
Potions
 d - 5 potions of flight
 f - 2 potions of cancellation {unknown}
 h - 2 potions of lignification {unknown}
 l - 4 potions of curing
 p - 3 potions of brilliance {unknown}
 r - 3 potions of attraction {unknown}
 t - 2 potions of heal wounds {unknown}
 v - a potion of might {unknown}
 w - a potion of degeneration {unknown}


   Skills:
 * Level 11.4 Fighting
 + Level 11.2 Axes
 + Level 9.4 Armour
 - Level 2.3 Dodging


You had 9 spell levels left.
You didn't know any spells.
Your spell library was empty.

Dungeon Overview and Level Annotations

Branches:
Dungeon (8/15)             Temple (0/1) D:7
   Lair: D:8-11

Altars:
Cheibriados
Dithmenos
Fedhas
Kikubaaqudgha
Okawaru
Trog
Xom
Yredelemnul

Shops:
D:1 [

Annotations:
D:8 Joseph


Innate Abilities, Weirdness & Mutations

You have a pair of horns on your head.
You reflexively headbutt those who attack you in melee.


Message History

Trog accepts your kill.
You hit the steam dragon.
The steam dragon is lightly wounded.
You feel sick.
You are no longer poisoned.
You slice the steam dragon!!
You kill the steam dragon!
Trog accepts your kill.
You closely miss the wight. You headbutt the wight!
The wight is almost destroyed.
The wight closely misses you. You furiously retaliate!
You headbutt the wight!
You destroy the wight!
Trog accepts your kill.
Found 20 gold pieces.
Items here: $ ( )) [.
You barely miss the orc. The orc barely misses you.
You slice the orc!!
You kill the orc!
Trog accepts your kill.
You are no longer berserk.
You are exhausted.
You feel yourself slow down.
Joseph, a Mercenary comes into view.
He is wielding a +2 quarterstaff of distortion and carrying a wand of iceblast (10).
You hit Joseph.
Joseph is lightly wounded.
Joseph completely misses you. You furiously retaliate!
You headbutt Joseph! You slice Joseph!!
Joseph is heavily wounded.
Joseph hits you with a +2 quarterstaff of distortion!
Space warps around you.
* * * LOW HITPOINT WARNING * * *
You slash Joseph!
Joseph is severely wounded.
Joseph hits you with a +2 quarterstaff of distortion!
* * * LOW HITPOINT WARNING * * *
Joseph smiles happily.
Joseph hits you with a +2 quarterstaff of distortion.
* * * LOW HITPOINT WARNING * * *
Space warps horribly around you!!
You die...

#.. #......####
#..###.#........
#..........#####
##...#.##.## # #
##..#.##.# #.. #.
##.#.##.# $...#.#
#...##.#
####..@#####..###.#
.....8)@)....## #.#
####...#####.# #.#
$..?#.# #.# #.. #.
#.> # # .... .##.#
# .. .#.


You could see Joseph.

Vanquished Creatures
  The ghost of funnyparkerb the Carver, a novice MiFi (D:7)
  A hornet (D:8)
  Grinder (D:3)
  Eustachio (D:5)
  A wyvern (D:8)
  A yak (D:8)
  2 humans (D:7)
  The ghost of groovy9 the Shooter, an amateur FoHu (D:3)
  A steam dragon (D:8)
  Edmund (D:5)
  A water moccasin (D:7)
  Duvessa (D:5)
  A sky beast (D:7)
  2 centaurs
  2 phantoms
  3 kobold brigands
  2 necrophages
  A wyvern zombie (D:7)
  5 scorpions
  2 bullfrogs (D:8)
  A wight (D:8)
  Dowan (D:5)
  4 howler monkeys
  A bullfrog zombie (D:3)
  A centaur zombie (D:7)
  4 jellies
  An orc priest (D:7)
  A centaur skeleton (D:3)
  A hound (D:6)
  An iron imp (D:4)
  A bullfrog skeleton (D:3)
  4 iguanas
  4 orc wizards
  Robin (D:2)
  A howler monkey skeleton (D:3)
  7 adders
  2 white imps
  4 ufetubi
  A worm (D:2)
  A dart slug (D:3)
  26 orcs
  5 endoplasms
  A giant cockroach (D:2)
  11 goblins (D:2)
  8 hobgoblins
  4 jackals
  3 quokkas
  6 ball pythons
  5 bats
  2 frilled lizards
  16 kobolds
  5 rats
165 creatures vanquished.

Vanquished Creatures (others)
  A human (D:4)
1 creature vanquished.

Grand Total: 166 creatures vanquished

Notes
Turn   | Place    | Note
-------+----------+-------------------------------------------
     0 | D:1      | holycorn the Minotaur Berserker began the quest for the
                  | Orb.
     0 | D:1      | Reached XP level 1. HP: 19/19 MP: 0/0
   274 | D:1      | You fall into a shaft and drop 1 floor!
   322 | D:2      | Reached XP level 2. HP: 27/27 MP: 1/1
   327 | D:2      | Noticed Robin
   337 | D:2      | Killed Robin
   340 | D:2      | Reached XP level 3. HP: 23/34 MP: 2/2
   473 | D:2      | Reached ** piety under Trog
  1021 | D:2      | Found a faded altar of an unknown god.
  1243 | D:1      | Reached skill level 5 in Fighting
  1366 | D:1      | Found Plog's Antique Armour Shop.
  1448 | D:1      | Reached XP level 4. HP: 40/42 MP: 3/3
  2005 | D:3      | Noticed a phantom
  2041 | D:3      | Killed a phantom
  2042 | D:3      | Reached skill level 5 in Axes
  2042 | D:3      | Reached XP level 5. HP: 44/50 MP: 4/4
  2065 | D:3      | Found a runed translucent gate.
  2065 | D:3      | Found a runed translucent gate.
  2065 | D:3      | Found a runed translucent gate.
  2069 | D:3      | Noticed groovy9's ghost (amateur FoHu)
  2083 | D:3      | Reached XP level 6. HP: 50/57 MP: 5/5
  2083 | D:3      | Killed groovy9's ghost
  2327 | D:3      | Noticed Grinder
  2339 | D:3      | Killed Grinder
  2340 | D:3      | Reached XP level 7. HP: 46/66 MP: 6/6
  3356 | D:4      | Reached *** piety under Trog
  3788 | D:4      | Found a snail-covered altar of Cheibriados.
  3795 | D:4      | Reached skill level 5 in Armour
  3929 | D:4      | Found an ancient bone altar of Kikubaaqudgha.
  3930 | D:4      | Noticed a human
  3932 | D:4      | Killed a human
  3996 | D:5      | Entered Level 5 of the Dungeon
  4129 | D:5      | Noticed Eustachio
  4145 | D:5      | Killed Eustachio
  4146 | D:5      | Reached XP level 8. HP: 74/74 MP: 7/7
  4239 | D:5      | Noticed Edmund
  4267 | D:5      | Killed Edmund
  4686 | D:5      | Found a shadowy altar of Dithmenos.
  4701 | D:5      | Noticed Duvessa
  4701 | D:5      | Noticed Dowan
  4713 | D:5      | Killed Duvessa
  4717 | D:5      | Killed Dowan
  4768 | D:5      | Found a shimmering altar of Xom.
  4885 | D:6      | Found a bloodstained altar of Trog.
  5237 | D:6      | Reached XP level 9. HP: 78/84 MP: 8/8
  5555 | D:6      | Found a blossoming altar of Fedhas.
  5829 | D:7      | Reached **** piety under Trog
  5904 | D:7      | Reached skill level 10 in Fighting
  5985 | D:7      | Reached skill level 10 in Axes
  5989 | D:7      | Found a staircase to the Ecumenical Temple.
  6104 | D:7      | Found an iron altar of Okawaru.
  6285 | D:7      | Found a runed translucent gate.
  6285 | D:7      | Found a runed translucent gate.
  6285 | D:7      | Found a runed translucent gate.
  6285 | D:7      | Noticed funnyparkerb's ghost (novice MiFi)
  6287 | D:7      | Found a basalt altar of Yredelemnul.
  6323 | D:7      | Killed funnyparkerb's ghost
  6561 | D:8      | Paralysed by a hornet for 1 turns
  6567 | D:8      | Reached XP level 10. HP: 37/96 MP: 9/9
  6579 | D:8      | Noticed Joseph
  6582 | D:8      | Slain by Joseph

Illustrated notes

Levels and vault maps discovered:
D:1:      heliophobic_arrival_henge, layout_basic, serial_shops, shop
D:2:      layout_basic, hellmonk_ecumenical_altar_run_dry,
          hangedman_decor_slide_cut, uniq_robin
D:3:      layout_basic, gammafunk_ghost_necromancy, uniq_grinder
D:4:      layout_layer_cave, chei_slow_surprise, tgw_kikubaaqudgha
D:5:      layout_loops_cross, grunt_dithmenos_smoke, general_overflow_altar,
          uniq_edmund, uniq_duvessa, uniq_eustachio
D:6:      layout_basic, bloody_trog, fedhas_altar_4, sigmund_army
D:7:      layout_basic, nicolae_yredelemnul_ghost_church, okawaru_humans,
          temple_pool_b
D:8:      minmay_the_grid_octo_tiled_squarecenter
          [minmay_the_grid_octo_fat_diamond, minmay_the_grid_octo_toaster,
          minmay_the_grid_octo_shrine, minmay_the_grid_octo_clover,
          minmay_the_grid_square_5x5_megaprize_hollow,
          minmay_the_grid_square_5x5_n_small,
          minmay_the_grid_square_5x5_minivault,
          minmay_the_grid_square_5x5_inner_i,
          minmay_the_grid_square_5x5_fancy_junction], layout_loops_corners,
          nicolae_uskayaw_dance_studio, nicolae_hepliaklqana_monster_ancestors,
          hangedman_glass_teeth, uniq_joseph

Skill      XL: |  1  2  3  4  5  6  7  8  9 |
---------------+----------------------------+-----
Fighting       | 4 5 6 7 8 9 11 | 11.4
Axes           | 4 5 7 8 9 11 | 11.2
Armour         | 3 4 5 7 9 |  9.4
Dodging        | |  2.3

Action                   |  1- 3 |  4- 6 |  7- 9 | 10-12 || total
-------------------------+-------+-------+-------+-------++-------
Melee: Hand axe          |    86 |    66 |   377 |       ||   529
       Headbutt          |     5 |    13 |    83 |     2 ||   103
       Punch             |       |       |     8 |       ||     8
       War axe           |       |       |    12 |    14 ||    26
Invok: Berserk           |       |     1 |     4 |       ||     5
       Trog's Hand       |       |       |     2 |       ||     2
  Use: Scroll            |       |       |     1 |       ||     1
 Stab: Sleeping          |     1 |       |       |       ||     1
Armor: Animal skin       |    21 |       |       |       ||    21
       Chain mail        |       |    39 |   153 |     4 ||   196
Dodge: Dodged            |    67 |    25 |   151 |     3 ||   246
